 Dungeon Crawl Stone Soup version 0.20.1-1-g8b1a95d (webtiles) character file.

1515 HammerPanzer the Carver (level 8, -8/74 HPs)
             Began as a Minotaur Berserker on Oct 31, 2017.
             Was an Elder of Trog.
             Mangled by Menkaure (17 damage)
             ... on level 5 of the Dungeon.
             The game lasted 00:13:18 (5448 turns).

HammerPanzer the Carver (Minotaur Berserker)        Turns: 5448, Time: 00:13:19

Health: -8/74      AC:  6    Str: 21 (23) XL:     8   Next: 53%
Magic:  7/7        EV: 11    Int:  8 (10) God:    Trog [****..]
Gold:   255        SH:  0    Dex: 12 (13) Spells: 7/7 levels left

rFire    . . .     SeeInvis .   a - +0 falchion "Vuede" {freeze, Dex+3} (curse)
rCold    + . .     Gourm    .   (no shield)
rNeg     . . .     Faith    +   u - +0 ring mail {rC+}
rPois    .         Spirit   .   (helmet restricted)
rElec    .         Reflect  .   k - +0 cloak (curse)
rCorr    .         Harm     .   (no gloves)
MR       .....                  (no boots)
Stlth    +.........             o - amulet of faith
Regen    0.3/turn               (no ring)
MPRegen  0.1/turn               (no ring)

@: brilliant, berserk cooldown, slowed, very slow
A: retaliatory headbutt, horns 2
a: Berserk, Trog's Hand, Brothers in Arms, Burn Spellbooks, Renounce Religion


You were on level 5 of the Dungeon.
You worshipped Trog.
Trog was greatly pleased with you.
You were very hungry.

You visited 1 branch of the dungeon, and saw 5 of its levels.

You collected 255 gold pieces.

Inventory:

Hand Weapons
 a - the cursed +0 falchion "Vuede" (weapon) {freeze, Dex+3}
   (You found it on level 5 of the Dungeon)

   It has been specially enchanted to freeze those struck by it, causing extra
   injury to most foes and up to half again as much damage against particularly
   susceptible opponents.
   It can also slow down cold-blooded creatures.
   It affects your dexterity (+3).
   It has a curse placed upon it.
 f - a +0 long sword
Armour
 k - a cursed +0 cloak (worn)
 u - a +0 ring mail of cold resistance (worn)
 w - a +0 chain mail
Jewellery
 o - an amulet of faith (around neck)
 p - a cursed amulet of inaccuracy {unknown}
Scrolls
 e - a scroll of enchant weapon {unknown}
 i - 4 scrolls of teleportation {unknown}
 l - 3 scrolls of remove curse
 m - 4 scrolls of magic mapping
 q - 2 scrolls of enchant armour {unknown}
 t - 2 scrolls of identify {unknown}
Potions
 h - 3 potions of brilliance
 n - a potion of mutation {unknown}
 r - a potion of flight {unknown}
 v - a potion of magic
Comestibles
 b - a meat ration
 c - 4 bread rations
 g - 2 fruits


   Skills:
 + Level 8.0 Fighting
 * Level 11.0 Long Blades
 - Level 2.4 Armour
 - Level 2.1 Dodging


You had 7 spell levels left.
You didn't know any spells.

Dungeon Overview and Level Annotations

Branches:
Dungeon (5/15)
 Temple: D:4-7

Altars:

Shops:
D:4 }

Annotations:
D:5 Menkaure, Pikel


Innate Abilities, Weirdness & Mutations

You reflexively headbutt those who attack you in melee.
You have a pair of horns on your head.


Message History

Menkaure barely misses you. Menkaure barely misses you.
You furiously retaliate!
You headbutt Menkaure.
Menkaure gestures wildly while chanting.
Menkaure seems to speed up.
You see here 19 sling bullets.
It was a potion of magic.
Magic courses through your body. Menkaure hits you!
* * * LOW HITPOINT WARNING * * *
It was a potion of brilliance.
You feel clever all of a sudden. Menkaure barely misses you.
You furiously retaliate!
You headbutt Menkaure!
You riposte.
You hit Menkaure but do no damage.
Menkaure is severely damaged.
The slave misses you.
It was a potion of degeneration.
There was something very wrong with that liquid.
You feel weakened.
You feel dopey.
You feel clumsy. Menkaure barely misses you. The slave hits you.
* * * LOW HITPOINT WARNING * * *
Menkaure hits you!
You die...

###### #....# #....# ######
#########....###########......
.........................#
..##...##....##########..#
.......##....##########(.#
..###+#########........((# ..#
#.@M....(..# ..###.
#..p..)....# ......#
####'##.#..# ####..#
#.##....(.M ... #†####..###.
## #p# #..# #.# #..# #.# ..#
#.# .


You could see a slave and Menkaure.

Vanquished Creatures
  Duvessa (D:4)
  An ice beast (D:3)
  An orc warrior (D:4)
  3 centaurs
  2 ogres (D:4)
  Dowan (D:4)
  2 scorpions
  A jelly (D:5)
  3 orc priests (D:4)
  2 hounds (D:4)
  2 orc wizards
  Crazy Yiuf (D:2)
  3 worker ants
  Natasha (thrice) (D:3)
  Robin (D:3)
  6 gnolls (D:4)
  7 adders
  A shadow imp (D:3)
  An adder skeleton (D:5)
  2 worms (D:2)
  A dart slug (D:2)
  4 leopard geckos
  15 orcs
  5 bats
  5 giant cockroaches
  20 goblins
  11 hobgoblins
  3 jackals
  8 kobolds
  A quokka (D:3)
  3 ball pythons
  5 frilled lizards
  9 rats
134 creatures vanquished.

Notes
Turn   | Place    | Note
-------+----------+-------------------------------------------
     0 | D:1      | HammerPanzer the Minotaur Berserker began the quest for the Orb.
     0 | D:1      | Reached XP level 1. HP: 19/19 MP: 0/0
   121 | D:1      | Reached skill level 4 in Long Blades
   188 | D:1      | Reached XP level 2. HP: 23/27 MP: 1/1
   899 | D:2      | Reached XP level 3. HP: 22/33 MP: 2/2
  1060 | D:2      | Reached ** piety under Trog
  1089 | D:2      | Reached skill level 5 in Long Blades
  1700 | D:2      | Reached XP level 4. HP: 39/40 MP: 3/3
  1880 | D:2      | Found a runed door.
  1884 | D:2      | Noticed Crazy Yiuf
  1890 | D:2      | Killed Crazy Yiuf
  2185 | D:2      | Reached skill level 6 in Long Blades
  2302 | D:3      | Noticed an ice beast
  2311 | D:3      | Killed an ice beast
  2311 | D:3      | Reached skill level 5 in Fighting
  2311 | D:3      | Reached XP level 5. HP: 38/48 MP: 4/4
  2481 | D:3      | Noticed Natasha
  2493 | D:3      | Killed Natasha
  2493 | D:3      | Reached skill level 7 in Long Blades
  2676 | D:3      | Noticed Natasha
  2684 | D:3      | Killed Natasha
  2684 | D:3      | Reached *** piety under Trog
  2684 | D:3      | Reached XP level 6. HP: 55/56 MP: 5/5
  2712 | D:3      | Noticed Natasha
  2721 | D:3      | Killed Natasha
  3307 | D:4      | Noticed Robin
  3441 | D:3      | Killed Robin
  3629 | D:4      | Reached skill level 8 in Long Blades
  3669 | D:4      | Reached XP level 7. HP: 59/63 MP: 6/6
  3907 | D:4      | Found Vunuut's Gadget Boutique.
  3982 | D:4      | Noticed Dowan
  3984 | D:4      | Noticed Duvessa
  3991 | D:4      | Killed Dowan
  3991 | D:4      | Reached **** piety under Trog
  3991 | D:4      | Reached skill level 9 in Long Blades
  4159 | D:4      | Killed Duvessa
  4873 | D:4      | Reached skill level 10 in Long Blades
  4873 | D:4      | Reached XP level 8. HP: 48/73 MP: 7/7
  5153 | D:5      | Entered Level 5 of the Dungeon
  5183 | D:5      | Got a transparent falchion
  5184 | D:5      | Identified the cursed +0 falchion "Vuede" {freeze, Dex+3} (You found it on level 5 of the Dungeon)
  5431 | D:5      | Noticed Menkaure
  5432 | D:5      | Reached skill level 11 in Long Blades
  5438 | D:5      | Noticed Pikel
  5448 | D:5      | Mangled by Menkaure

Skill      XL: |  1  2  3  4  5  6  7  8 |
---------------+-------------------------+-----
Long Blades    | 4 5 6 7 8 10 11 | 11.0
Fighting       | 4 5 6 7 8 |  8.0
Armour         | |  2.4
Dodging        | |  2.1

Action                   |  1- 3 |  4- 6 |  7- 9 || total
-------------------------+-------+-------+-------++-------
Melee: Falchion          |    86 |   113 |   100 ||   299
       Headbutt          |    13 |    25 |    21 ||    59
       Long sword        |       |       |    13 ||    13
Invok: Berserk           |       |     4 |     6 ||    10
  Use: Scroll            |     6 |       |     1 ||     7
       Potion            |       |       |     3 ||     3
  Eat: Chunk             |     2 |    10 |     8 ||    20
       Royal jelly       |       |       |     1 ||     1
Armor: Animal skin       |     8 |       |       ||     8
       Leather armour    |     4 |    34 |     7 ||    45
       Ring mail         |       |       |    13 ||    13
Dodge: Dodged            |    65 |    81 |    71 ||   217
       Rpst.: Falchion   |    16 |    22 |    13 ||    51
       Long sword        |       |       |     2 ||     2
